Map: Year Zero LE

Players

Leandoer - Winner!

  • Race: Zerg Zerg
  • Spawn Location: 1:00

fps

  • Race: Protoss Protoss
  • Spawn Location: 11:00

Event: 2019 WCS Spring

VOD

Have the link to the VOD?

Description

Time

  • Played on: May 17, 2019, 8:42 a.m.
  • Length: 20:29

All games in this series

Show
View Real Time Build Order
Export as new Build Order

Leandoer Zerg - Winner!

Build Orders: Hatch First, Roach Hydra 

Get SALT Encoding   

  12  0:00  Drone  
  13  0:10  Drone  
  14  0:18  Overlord  
  14  0:24  Extractor  
  14  0:25  Drone  
  15  0:36  Drone x2  
  17  0:56  Hatchery  
  17  0:57  Drone  
  17  0:59  Drone  
  18  1:11  Extractor  
  18  1:14  Spawning Pool  
  18  1:17  Drone  
  17  1:20  Drone  
  18  1:30  Drone  
  19  1:39  Drone  
  20  1:53  Overlord  
  20  2:02  Queen  
  22  2:09  Queen  
  22  2:10  Zergling x2  
  22  2:12  Drone x2  
  22  2:14  Metabolic Boost  
  27  2:23  Zergling x2  
  27  2:25  Drone  
  29  2:32  Drone x2  
  31  2:40  Drone  
  32  2:47  Hatchery  
  32  2:50  Drone  
  32  2:54  Overlord, Drone  
  33  3:02  Drone  
  33  3:04  Drone  
  35  3:12  Queen, Drone  
  38  3:13  Drone x2  
  38  3:15  Drone  
  41  3:20  Drone  
  41  3:21  Drone x2  
  44  3:29  Overlord  
  44  3:38  Overlord  
  44  3:44  Lair  
  44  3:49  Spore Crawler  
  44  3:51  Spore Crawler  
  44  3:52  Drone  
  44  3:53  Drone  
  44  3:58  Overlord x3  
  44  3:59  Drone x3  
  44  4:02  Extractor, Drone  
  47  4:03  Extractor  
  47  4:10  Drone x3  
  47  4:15  Queen  
  51  4:19  Spore Crawler, Drone x3  
  51  4:20  Drone  
  51  4:24  Overlord  
  54  4:28  Queen  
  56  4:32  Drone x2  
  56  4:35  Drone x2  
  56  4:37  Drone  
  61  4:41  Drone x2  
  61  4:42  Drone  
  61  4:43  Overlord  
  64  4:46  Drone  
  64  4:47  Drone x2  
  64  4:52  Roach Warren, Drone  
  67  4:57  Spore Crawler  
  66  5:00  Drone  
  66  5:01  Spore Crawler  
  66  5:06  Drone  
  66  5:07  Drone x2  
  69  5:08  Drone x3  
  69  5:12  Drone  
  73  5:14  Drone  
  73  5:18  Overlord x2  
  73  5:19  Drone x2  
  76  5:23  Drone  
  77  5:29  Drone x2  
  77  5:30  Drone x3  
  77  5:35  Extractor  
  81  5:36  Extractor  
  81  5:38  Hydralisk Den  
  81  5:42  Extractor, Drone x3  
  81  5:44  Drone x2  
  81  5:45  Drone  
  81  5:47  Drone  
  85  5:59  Roach x5  
  85  6:04  Roach  
  96  6:08  Overlord x4  
  96  6:12  Muscular Augments  
  96  6:16  Overlord x2  
  96  6:21  Glial Reconstitution  
  96  6:23  Drone  
  96  6:24  Evolution Chamber  
  96  6:26  Roach  
  96  6:27  Hatchery, Roach  
  96  6:28  Roach x5  
  96  6:32  Roach x2  
  115  6:40  Roach x2  
  115  6:42  Hydralisk x3  
  123  6:51  Roach  
  123  6:52  Roach x5  
  135  6:54  Overseer  
  135  6:56  Zerg Missile Weapons Level 1  
  135  7:06  Hydralisk x5  
  145  7:11  Overlord x3  
  145  7:23  Grooved Spines  
  145  7:29  Overlord  
  145  7:33  Hydralisk x2  
  145  7:34  Hydralisk x7  
  163  7:38  Overseer  
  163  7:40  Drone  
  163  7:43  Queen  
  166  7:44  Spore Crawler  
  166  7:48  Drone  
  166  7:49  Infestation Pit  
  165  7:52  Hydralisk  
  165  7:53  Hydralisk x4  
  175  8:02  Infestation Pit  
  175  8:03  Extractor x2  
  172  8:11  Spore Crawler x2  
  172  8:12  Spore Crawler x2, Overlord x3  
  153  8:39  Hydralisk  
  153  8:40  Hydralisk x13  
  167  8:45  Drone x2  
  147  8:51  Zerg Missile Weapons Level 2  
  147  8:54  Drone  
  147  8:55  Evolution Chamber, Drone x2  
  135  9:04  Drone x5  
  135  9:08  Hydralisk x2  
  144  9:14  Pathogen Glands  
  144  9:19  Drone  
  144  9:20  Drone x3  
  144  9:24  Hive  
  148  9:30  Spire  
  147  9:32  Hydralisk x2  
  151  9:38  Zerg Ground Armor Level 1  
  151  9:39  Infestor  
  151  9:40  Infestor  
  151  9:45  Infestor  
  157  9:47  Pneumatized Carapace  
  157  9:57  Infestor  
  157  9:59  Infestor  
  159  10:04  Hatchery  
  138  10:29  Hydralisk  
  138  10:30  Hydralisk x12  
  158  10:41  Spore Crawler x3  
  155  10:43  Spore Crawler x2  
  155  10:46  Infestor x2  
  157  10:52  Zergling x16  
  157  10:53  Spore Crawler  
  157  10:56  Spore Crawler x2  
  162  11:00  Infestor x2  
  166  11:08  Drone  
  166  11:09  Drone x6  
  166  11:10  Spore Crawler x2  
  166  11:11  Spore Crawler, Drone  
  171  11:17  Infestor  
  173  11:20  Spore Crawler, Infestor  
  173  11:21  Spore Crawler  
  173  11:23  Infestor  
  175  11:26  Infestor  
  175  11:30  Spore Crawler  
  176  11:35  Greater Spire  
  176  11:44  Infestor  
  176  11:45  Infestor  
  149  12:28  Infestor  
  149  12:29  Infestor x5  
  161  12:36  Drone x3  
  164  12:39  Drone  
  164  12:40  Drone x9  
  164  12:44  Drone x10  
  175  12:48  Zerg Ground Armor Level 2, Zerg Missile Weapons Level 3  
  184  12:52  Spore Crawler  
  184  12:53  Spore Crawler  
  184  12:55  Spore Crawler  
  184  12:57  Spore Crawler  
  180  12:58  Drone x2  
  180  12:59  Spore Crawler, Drone  
  180  13:00  Spore Crawler x2, Infestor  
  180  13:01  Infestor  
  184  13:07  Extractor x2  
  184  13:08  Spore Crawler, Queen  
  184  13:09  Spore Crawler, Drone  
  184  13:10  Drone  
  184  13:11  Spore Crawler x2, Drone  
  184  13:12  Spore Crawler, Drone  
  183  13:14  Drone  
  183  13:15  Drone  
  185  13:26  Overseer  
  185  13:28  Infestor  
  185  13:29  Infestor  
  185  13:33  Overlord  
  185  13:34  Overlord  
  189  13:43  Zerg Flyer Weapons Level 1  
  189  13:48  Spire  
  189  13:51  Spore Crawler  
  189  13:53  Spore Crawler  
  189  13:55  Spore Crawler x3  
  183  13:57  Infestor x4  
  191  14:09  Corruptor  
  191  14:10  Corruptor x2  
  191  14:13  Overlord  
  191  14:14  Overlord x4  
  197  14:24  Spore Crawler  
  197  14:25  Spore Crawler x2, Corruptor x2  
  197  14:26  Spore Crawler  
  197  14:27  Spore Crawler, Corruptor  
  198  14:32  Drone x2  
  200  14:47  Spore Crawler  
  200  14:48  Spore Crawler x2, Brood Lord  
  199  15:04  Spore Crawler  
  199  15:05  Brood Lord  
  199  15:06  Spore Crawler  
  182  15:34  Hydralisk  
  182  15:35  Hydralisk x11  
  178  15:39  Brood Lord x3  
  184  16:01  Hydralisk x4  
  184  16:02  Hydralisk x4  
  200  16:08  Neural Parasite  
  200  16:18  Spore Crawler x2  
  198  16:19  Spore Crawler  
  198  16:25  Zerg Flyer Weapons Level 2  
  193  16:26  Zerg Flyer Armor Level 1  
  193  16:27  Corruptor x5  
  199  16:33  Drone  
  199  16:38  Spore Crawler  
  199  16:39  Spore Crawler  
  198  16:40  Spore Crawler  
  198  16:41  Spore Crawler  
  198  16:47  Zerg Ground Armor Level 3  
  196  17:01  Brood Lord x5  
  194  17:05  Drone x2  
  200  17:11  Spine Crawler x2  
  200  17:13  Spine Crawler  
  197  17:34  Overseer  
  197  17:38  Drone x3  
  200  18:00  Hatchery  
  173  18:55  Corruptor x17  
  199  19:15  Overlord  
  199  19:55  Extractor  
  199  19:56  Extractor  
Show
View Real Time Build Order
Export as new Build Order

fps Protoss 

Build Orders: 1 Gate Expand, Phoenix Opening, Carriers 

Get SALT Encoding   

  12  0:02  Probe  
  13  0:13  Probe  
  14  0:19  Pylon  
  14  0:21  Probe  
  15  0:34  Probe  
  15  0:40  Gateway  
  16  0:46  Probe  
  16  0:49  Assimilator  
  17  0:58  Probe  
  18  1:10  Probe  
  19  1:22  Probe  
  20  1:29  Nexus  
  20  1:37  Probe  
  21  1:53  Cybernetics Core  
  21  2:07  Cybernetics Core  
  21  2:20  Cybernetics Core  
  21  2:24  Probe  
  22  2:30  Pylon  
  22  2:33  Assimilator, Gateway  
  22  2:36  Probe  
  23  2:39  Probe  
  24  2:47  Probe  
  24  2:48  Probe  
  24  2:50  Assimilator  
  25  2:57  Probe  
  26  2:59  Warp Gate  
  26  3:00  Probe  
  28  3:06  Stargate  
  28  3:08  Probe  
  28  3:09  Stalker  
  28  3:12  Probe  
  32  3:16  Probe  
  32  3:20  Sentry  
  32  3:24  Probe x2  
  36  3:29  Assimilator  
  37  3:36  Probe x2  
  39  3:41  Pylon  
  39  3:48  Probe  
  40  3:49  Probe  
  40  3:52  Phoenix  
  43  4:00  Probe  
  43  4:01  Probe  
  45  4:12  Probe  
  45  4:13  Probe  
  47  4:20  Fleet Beacon  
  47  4:24  Probe  
  47  4:25  Probe  
  47  4:30  Oracle  
  52  4:31  Stargate  
  52  4:36  Probe  
  52  4:37  Probe  
  54  4:50  Pylon  
  54  4:51  Pylon  
  54  4:53  Protoss Air Weapons Level 1  
  54  5:01  Forge  
  54  5:09  Probe x2, Carrier  
  54  5:12  Pylon  
  62  5:15  Adept  
  62  5:18  Adept  
  62  5:21  Probe  
  66  5:29  Probe  
  66  5:33  Probe  
  66  5:34  Carrier  
  68  5:41  Probe  
  75  5:44  Stargate  
  75  5:45  Probe  
  75  5:49  Adept  
  78  5:56  Pylon  
  78  5:57  Pylon  
  78  5:58  Pylon  
  78  6:02  Photon Cannon  
  78  6:14  Probe  
  78  6:18  Carrier  
  79  6:19  Gateway  
  79  6:26  Nexus  
  85  6:33  Carrier  
  91  6:50  Probe x2  
  93  7:02  Probe, Carrier  
  100  7:15  Assimilator x2  
  100  7:16  Pylon  
  100  7:18  Pylon  
  100  7:23  Twilight Council  
  100  7:24  Pylon, Protoss Air Weapons Level 2  
  100  7:30  Pylon  
  100  7:38  Probe  
  101  7:44  Probe x2  
  101  7:50  Probe, Carrier  
  110  7:56  Probe x2  
  112  8:01  Void Ray  
  116  8:09  Photon Cannon  
  116  8:10  Shield Battery  
  116  8:15  Photon Cannon  
  116  8:18  Photon Cannon  
  99  8:34  Carrier  
  95  8:46  Photon Cannon  
  95  8:50  Probe x3  
  95  8:51  Pylon  
  98  8:58  Probe, Templar Archives  
  98  9:02  Probe x2, Mothership  
  101  9:06  Probe  
  101  9:14  Probe x2  
  101  9:15  Probe  
  105  9:26  Probe  
  105  9:30  Psionic Storm, Photon Cannon  
  114  9:38  High Templar  
  114  9:39  High Templar  
  114  9:45  Gateway  
  118  9:50  Gateway  
  118  9:54  Probe x2  
  120  10:06  Probe x2  
  121  10:18  Carrier  
  127  10:23  Cybernetics Core  
  127  10:38  Carrier x2  
  127  10:40  High Templar  
  127  10:41  High Templar x2  
  145  10:49  Protoss Air Weapons Level 3  
  146  10:50  Probe x2  
  146  10:53  Probe  
  148  11:02  Probe  
  149  11:34  Nexus  
  149  11:36  Pylon  
  149  11:38  Pylon  
  149  11:42  Robotics Facility  
  149  11:44  Pylon  
  149  11:46  Pylon  
  149  11:54  Probe x2  
  149  11:55  Carrier  
  151  12:18  Archon  
  139  12:27  Carrier x2  
  139  12:29  Observer  
  136  12:32  Photon Cannon, Mothership  
  136  12:33  Shield Battery  
  136  12:35  Photon Cannon  
  136  12:36  Photon Cannon  
  136  12:37  Probe x3  
  136  12:39  Photon Cannon  
  136  12:40  Shield Battery  
  136  12:43  High Templar x4  
  147  12:52  Assimilator  
  147  12:54  Assimilator  
  155  13:06  Probe x2  
  155  13:12  Protoss Air Armor Level 1  
  157  13:19  High Templar x2  
  161  13:22  Nexus  
  161  13:39  Pylon  
  161  13:42  Pylon  
  161  13:44  Pylon  
  161  13:50  High Templar x2  
  161  13:51  Photon Cannon  
  161  13:52  High Templar x2  
  161  13:53  Shield Battery  
  169  13:56  Photon Cannon  
  169  13:58  Archon  
  169  13:59  Archon  
  169  14:00  Protoss Shields Level 1  
  169  14:12  Observer, Void Ray  
  174  14:24  Carrier  
  180  14:36  Carrier  
  186  14:45  Assimilator  
  186  14:46  Zealot x4  
  186  14:48  Assimilator  
  194  14:57  Void Ray  
  198  15:10  Zealot  
  173  15:55  Carrier x3  
  173  16:01  Observer  
  170  16:11  Photon Cannon  
  170  16:13  Photon Cannon  
  170  16:15  Shield Battery  
  170  16:17  Shield Battery  
  157  16:27  Stargate  
  157  16:28  Stargate  
  157  16:29  Observer  
  157  16:30  Gateway  
  158  16:36  Photon Cannon, Shield Battery  
  158  16:38  Photon Cannon  
  158  16:40  Photon Cannon  
  158  16:41  Photon Cannon  
  158  16:42  High Templar x2  
  158  16:43  Photon Cannon, High Templar  
  158  16:44  Shield Battery  
  164  16:59  Carrier x2  
  176  17:03  Carrier  
  176  17:08  High Templar  
  184  17:18  Protoss Air Armor Level 2  
  184  17:21  High Templar x3  
  184  17:22  Protoss Ground Weapons Level 1  
  190  17:25  High Templar  
  192  17:41  Carrier  
  198  18:10  Nexus  
  153  18:53  Carrier x3  
  153  18:54  Carrier x2  
  165  18:56  Zealot x3  
  165  18:57  Zealot x2  
  183  19:17  Assimilator  
  183  19:22  Pylon  
  183  19:23  Pylon  
  183  19:26  Observer, Assimilator  
  184  19:31  Zealot x4  
  184  19:32  Zealot  
  184  19:55  High Templar  
Tags
 
Add a new tag
Caveats
  • Supply blocks, unpowered buildings, or Contaminate may cause inaccurate times.
  • Supply counts are checked every 10 seconds.